 Dungeon Crawl Stone Soup version 0.22.1-2-g9c5b331383 (webtiles) character file.

28 Ihlosi the Sneak (level 3, -1/20 HPs)
             Began as a Kobold Enchanter on Dec 26, 2018.
             Slain by a quokka (3 damage)
             ... on level 2 of the Dungeon.
             The game lasted 00:03:07 (1313 turns).

Ihlosi the Sneak (Kobold Enchanter)                 Turns: 1313, Time: 00:03:07

Health: -1/20      AC:  2    Str:  5    XL:     3   Next: 30%
Magic:  4/6        EV: 15    Int: 17    God:
Gold:   76         SH:  0    Dex: 15    Spells: 3/6 levels left

rFire    . . .     SeeInvis .   a - +1 dagger
rCold    . . .     Gourm    .   (shield restricted)
rNeg     . . .     Faith    .   b - +0 robe
rPois    .         Spirit   .   (no helmet)
rElec    .         Reflect  .   (no cloak)
rCorr    .         Harm     .   (no gloves)
MR       .....                  (no boots)
Stlth    +++.......             (no amulet)
HPRegen  0.06/turn              (no ring)
MPRegen  0.10/turn              (no ring)

@: no status effects
A: small, carnivore
a: no special abilities


You were on level 2 of the Dungeon.
You were completely stuffed.

You visited 1 branch of the dungeon, and saw 2 of its levels.

You collected 76 gold pieces.

Inventory:

Hand Weapons
 a - a +1 dagger (weapon)
Missiles
 g - 22 bolts
Armour
 b - a +0 robe (worn)
Scrolls
 f - a scroll of blinking {unknown}
 h - a scroll of identify {unknown}
Potions
 c - a potion of heal wounds {unknown}
 e - a potion of brilliance {unknown}
Comestibles
 d - 2 rations
 i - 2 chunks of flesh


   Skills:
 * Level 0.3 Fighting
 * Level 1.5 Short Blades
 * Level 2.7 Dodging
 * Level 4.9 Stealth
 * Level 2.2 Spellcasting
 * Level 3.3 Hexes


You had 3 spell levels left.
You knew the following spells:

 Your Spells              Type           Power        Failure   Level  Hunger
a - Corona                Hex            ##.....      4%          1    #......
b - Ensorcelled Hibernat  Hex/Ice        #.....       14%         2    ###....

Your spell library contained the following spells:

 Spells                   Type           Power        Failure   Level  Hunger
 Confuse                  Hex            ##......     14%         3    ###....
 Tukima's Dance           Hex            ##......     14%         3    ###....
 Dazzling Spray           Conj/Hex       #.....       28%         3    ###....


Dungeon Overview and Level Annotations

Branches:
Dungeon (2/15)

Altars:


Innate Abilities, Weirdness & Mutations

You are small and have problems with some larger weapons.
You are carnivorous and can eat meat at any time.


Message History

You barely miss the quokka. The quokka barely misses you.
You barely miss the quokka. The quokka bites you.
You miss the quokka.
The quokka bites you but does no damage.
You hit the quokka but do no damage. The quokka closely misses you.
You hit the quokka but do no damage. The quokka bites you.
* * * LOW HITPOINT WARNING * * *
A dart slug comes into view.
You hit the quokka but do no damage. The quokka bites you.
* * * LOW HITPOINT WARNING * * *
You hit the quokka but do no damage.
The quokka bites you but does no damage.
Casting: Ensorcelled Hibernation (safe; 14% risk of failure)
Confirm with . or Enter, or press ? or * to list all spells.
Aiming: Ensorcelled Hibernation (safe; 14% risk of failure)
Press: ? - help, Shift-Dir - straight line, f - quokka
Aim: a quokka (chance to defeat MR: 56%)
The quokka resists with significant effort.
The quokka bites you.
You die...

#.# #.# #.. #.# #.#
#########.# #
#.........#######.#
#.........@r....w.#..
#........###.........
#........###.........
#....>..[..+.).......
#รท.........#.........
#####+#....#.........
#)#....#####+####
#.#....#
######.#....#####


You could see a dart slug and a quokka.

Vanquished Creatures
  A dart slug (D:1)
  A giant cockroach (D:1)
  2 goblins (D:1)
  4 hobgoblins
  3 jackals (D:1)
  5 bats (D:1)
  3 frilled lizards (D:1)
  6 kobolds
25 creatures vanquished.

Notes
Turn   | Place    | Note
-------+----------+-------------------------------------------
     0 | D:1      | Ihlosi the Kobold Enchanter began the quest for the Orb.
     0 | D:1      | Reached XP level 1. HP: 10/10 MP: 3/3
   369 | D:1      | Reached XP level 2. HP: 13/15 MP: 5/5
   374 | D:1      | Learned a level 2 spell: Ensorcelled Hibernation
   954 | D:1      | Reached XP level 3. HP: 16/20 MP: 3/6
  1311 | D:2      | HP: 1/20 [quokka (2)]
  1313 | D:2      | Slain by a quokka

Action                   || total
-------------------------++-------
Melee: Dagger            ||   119
 Cast: Ensorcelled Hiber ||     5
 Stab: Sleeping          ||    10
  Eat: Chunk             ||    10
Armor: Robe              ||    22
Dodge: Dodged            ||    99
